 Dungeon Crawl Stone Soup version 0.30-a0-571-gdf30a72648 (webtiles) character file.

Game seed: 7967115266909434265

26771 bjtr the Arsonist (level 13, -4/66 HPs)
             Began as a Gargoyle Fire Elementalist on Dec 29, 2022.
             Was a Priest of Vehumet.
             Killed from afar by Azrael (14 damage)
             ... with a fireball
             ... on level 14 of the Dungeon.
             The game lasted 01:44:26 (20342 turns).

bjtr the Arsonist (Gargoyle Fire Elementalist)     Turns: 20342, Time: 01:44:26

Health: -4/66      AC: 21    Str: 13    XL:     13   Next: 28%
Magic:  14/28      EV: 22    Int: 23    God:    Vehumet [***...]
Gold:   251        SH:  0    Dex: 10    Spells: 7/34 levels left

rFire   + . .      SeeInvis .    Q - +5 battleaxe
rCold   + . .      Faith    .    (shield currently unavailable)
rNeg    + . .      Spirit   .    O - +1 robe {Archmagi}
rPois   ∞          Reflect  .    t - +0 helmet
rElec   +          Harm     .    m - +0 cloak of the Skies Above {Int+3 Stlth+}
rCorr   +          Rampage  +    P - +1 pair of gloves
Will    .....      Archmagi +    C - +2 pair of boots {rampage}
Stlth   +++                      (no amulet)
HPRegen 0.31/turn                E - +5 ring of evasion
MPRegen 0.21/turn                l - +5 ring of evasion

@: resistant, hasted, studying Transmutations, very quick
A: sickness immunity, AC +9, negative energy resistance 1, electricity
resistance, torment resistance 1, petrification resistance
a: Renounce Religion


You were on level 14 of the Dungeon.
You worshipped Vehumet.
Vehumet was most pleased with you.
You visited 2 branches of the dungeon, and saw 15 of its levels.
You visited the Abyss 1 time.

You collected 926 gold pieces.
You spent 675 gold pieces at shops.

Inventory:

Hand Weapons
 b - a +0 morningstar of draining
 n - a +0 long sword of flaming
 o - a +0 broad axe of electrocution
 w - a +3 sling
 Q - a +5 battleaxe (weapon)
Missiles
 F - 2 throwing nets
 K - 39 poisoned darts
 Z - 2 curare-tipped darts
Armour
 m - the +0 cloak of the Skies Above (worn) {Int+3 Stlth+}
   (You acquired it on level 9 of the Dungeon)

   Int:       It affects your intelligence (+3).
   Stlth:     It makes you more stealthy.
 t - a +0 helmet (worn)
 v - a +0 troll leather armour
 C - a +2 pair of boots of rampaging (worn)
 O - a +1 robe of the Archmagi (worn)
 P - a +1 pair of gloves (worn)
Magical Staves
 a - a staff of fire
Jewellery
 f - a ring of protection from fire
 g - a ring of resist corrosion
 k - a ring of see invisible
 l - a +5 ring of evasion (right hand)
 u - a +6 ring of dexterity
 E - a +5 ring of evasion (left hand)
Wands
 h - a wand of paralysis (14)
 M - a wand of mindburst (32)
Scrolls
 i - 2 scrolls of teleportation
 r - a scroll of immolation
 s - a scroll of fear
 y - a scroll of magic mapping
 G - a scroll of enchant armour
 J - 2 scrolls of amnesia
 T - 2 scrolls of vulnerability
 U - a scroll of blinking
 V - 2 scrolls of poison
 W - 3 scrolls of torment
 Y - 2 scrolls of enchant weapon
Potions
 c - a potion of lignification
 d - 4 potions of mutation
 e - 2 potions of brilliance
 p - 2 potions of flight
 q - a potion of might
 z - 5 potions of curing
 A - 2 potions of ambrosia
 D - 4 potions of attraction
 N - a potion of invisibility
 X - 2 potions of magic


   Skills:
 + Level 1.9 Fighting
 + Level 6.4 Armour
 + Level 3.6 Dodging
 + Level 4.0 Stealth
 + Level 2.6 Shields
 * Level 11.2 Spellcasting
 * Level 8.4 Conjurations
 * Level 5.8 Transmutations
 * Level 14.4 Fire Magic
 + Level 0.5 Earth Magic


You had 7 spell levels left.
You knew the following spells:

 Your Spells              Type           Power      Damage    Failure   Level
a - Foxfire               Conj/Fire      100%       2x1d9     1%          1
b - Scorch                Fire           100%       2d10      0%          2
c - Inner Flame           Hex/Fire       62%        N/A       1%          3
d - Flame Wave            Conj/Fire      78%        2d17      1%          4
e - Searing Ray           Conj           100%       2d8       1%          2
f - Kindle Blastsparks    Fire/Tloc/Air  100%       2d18      1%          3
g - Sticky Flame          Conj/Fire      78%        2d9       1%          4
h - Stone Arrow           Conj/Erth      100%       3d13      1%          3
i - Passwall              Tmut/Erth      34%        N/A       1%          2
j - Ignite Poison         Fire/Tmut/Pois 60%        N/A       1%          3

Your spell library contained the following spells:

 Spells                   Type           Power      Damage    Failure   Level
 Frozen Ramparts          Ice            38%        1d6       4%          3
 Magic Dart               Conj           100%       1d8       1%          1
 Hailstorm                Conj/Ice       48%        3d11      1%          3
 Iskenderun's Battlesphe  Conj           67%        2d12      1%          5
 Fulminant Prism          Conj/Hex       24%        3d12      2%          4
 Ensorcelled Hibernation  Hex/Ice        38%        N/A       8%          2
 Swiftness                Air            19%        N/A       16%         3
 Ice Form                 Ice/Tmut       39%        N/A       16%         4
 Orb of Destruction       Conj           33%        9d10      32%         7
 Simulacrum               Ice/Necr       9%         N/A       100%        6


Dungeon Overview and Level Annotations

Branches:
Dungeon (14/15)            Temple (1/1) D:5            Lair (0/5) D:8
    Orc (0/2) D:12         Vaults (0/5) D:13

Altars:
Ashenzari
Cheibriados
Dithmenos
Elyvilon
Fedhas
Gozag
Hepliaklqana
Kikubaaqudgha
Makhleb
Nemelex Xobeh
Okawaru
Qazlal
Ru
Sif Muna
Trog
Uskayaw
Vehumet
Wu Jian
Xom
Yredelemnul
Zin
The Shining One

Shops:
D:6 !   D:7 *   D:12 (

Annotations:
D:14 Azrael


Innate Abilities, Weirdness & Mutations

You are immune to sickness and miasma.
Your stone body is resilient. (AC +9)
You are immune to poison.
You resist negative energy. (rN+)
You are resistant to electric shocks. (rElec)
You are resistant to unholy torment.
You are immune to petrification.


Message History

* * * LOW HITPOINT WARNING * * *
The fireball engulfs Azrael.
Azrael completely resists.
The fireball engulfs the fire elemental.
The fire elemental completely resists.
The fireball engulfs the fire elemental.
The fire elemental completely resists.
You feel better.
The fire elemental closely misses you. x2
Azrael gestures at you.
The fireball explodes!
The fireball engulfs you! You resist.
* * * LOW HITPOINT WARNING * * *
The fireball engulfs Azrael.
Azrael completely resists.
The fireball engulfs the fire elemental.
The fire elemental completely resists.
The fireball engulfs the fire elemental.
The fire elemental completely resists.
You feel better. The fire elemental hits you. The fire elemental burns you!
You resist. The fire elemental hits you. The fire elemental burns you!
You resist.
* * * LOW HITPOINT WARNING * * *
You feel better.
Azrael hits you with a +1 scimitar of flaming.
Azrael burns you.
The fire elemental completely misses you.
The fire elemental closely misses you.
Q - a +5 battleaxe (weapon)
You slash Azrael!
Azrael is severely wounded.
You miss the fire elemental. You slash the fire elemental!
The fire elemental hits you. The fire elemental burns you! You resist.
* * * LOW HITPOINT WARNING * * *
The fire elemental hits you. The fire elemental burns you! You resist.
* * * LOW HITPOINT WARNING * * *
Azrael hits you with a +1 scimitar of flaming.
* * * LOW HITPOINT WARNING * * *
The fire elemental hits you. The fire elemental burns you! You resist.
* * * LOW HITPOINT WARNING * * *
The fire elemental barely misses you. Azrael gestures at you.
The fireball explodes!
The fireball engulfs you! You resist.
You die...

#.#.# #.# #.....)# #.#.# #.#
#.####.# #.#.# #.# #.# #.#
#.#.# #.# #.# #.# #.#.# #.#
#.# #.. ###.#.##### #.# #.#
#.# ###.....°...# #.# #.# #)#
####.#.#####.#.#####.#####.#
#.#
...............R@E.......#.#
#.#
####.#..####.#..#E##.##..#.#
#.# #.#.......#..#.##.##..#.#
#.# #.#..######..#.##.......#
#..
####.#..######..°...###..###
###
#.............#.#.#°###..#####
D....#..###.#.#.#...°........#
#.......###.#.#.##...#.#####.#
.....#..##.#......^....#
#.####


You could see Azrael and 2 fire elementals.

Vanquished Creatures
  A hydra (D:14)
  An ogre mage (D:13)
  3 centaur warriors
  A boulder beetle (D:11)
  4 two-headed ogres
  A death knight (D:13)
  Pikel (D:4)
  2 deep elf pyromancers
  6 cyclopes
  5 ugly things
  2 manticores (D:13)
  A rust devil (D:12)
  4 gargoyles
  Psyche (D:8)
  Maggie (D:7)
  A komodo dragon (D:8)
  2 unseen horrors
  2 trolls
  Grinder (D:4)
  2 hornets
  6 slime creatures
  A small abomination (Abyss:1)
  Sigmund (D:4)
  2 vampires
  2 shadows
  2 wraiths
  Eustachio (D:5)
  2 wyverns (D:8)
  3 vampire mosquitoes (D:13)
  A basilisk (D:13)
  3 fire elementals (D:14)
  Menkaure (D:6)
  A hog (shapeshifter) (D:14)
  Edmund (D:5)
  3 acid dragons
  A water moccasin (D:6)
  3 sky beasts
  4 black bears
  2 ice beasts
  4 orc warriors
  3 ogres
  12 centaurs
  A phantom (D:4)
  3 kobold brigands
  A bullfrog (D:6)
  3 scorpions
  3 necrophages
  A wyvern zombie (D:7)
  A water moccasin zombie (D:7)
  12 wights
  12 killer bees
  4 howler monkeys
  A bullfrog zombie (D:7)
  A centaur zombie (D:7)
  2 hounds
  7 orc priests
  A human zombie (D:7)
  Crazy Yiuf (D:5)
  2 iron imps (Abyss:1)
  2 iguanas
  Ijyb (D:5)
  13 orc wizards
  A killer bee zombie (D:7)
  2 howler monkey zombies (D:7)
  8 gnolls
  9 adders
  2 river rats
  4 ufetubi
  2 worms
  2 dart slugs
  45 orcs
  8 endoplasms
  5 giant cockroaches
  11 goblins
  8 hobgoblins
  2 jackals (D:3)
  24 kobolds
  2 quokkas
  5 ball pythons
  4 bats
  5 frilled lizards
  5 rats
327 creatures vanquished.

Vanquished Creatures (others)
  357 foxfires
  71 plants (D:4)
428 creatures vanquished.

Grand Total: 755 creatures vanquished

Notes
Turn   | Place    | Note
-------+----------+-------------------------------------------
     0 | D:1      | bjtr the Gargoyle Fire Elementalist began the quest for the
                  | Orb.
     0 | D:1      | Reached XP level 1. HP: 10/10 MP: 3/3
    82 | D:1      | You fall into a shaft and drop 1 floor!
   227 | D:2      | Reached XP level 2. HP: 14/15 MP: 0/5
   339 | D:2      | Learned a level 2 spell: Scorch
   388 | D:2      | Reached XP level 3. HP: 3/19 MP: 0/6
   630 | D:2      | Reached skill level 4 in Fire Magic
   729 | D:2      | Reached XP level 4. HP: 21/24 MP: 1/7
   900 | D:2      | Reached skill level 1 in Armour
  2577 | D:3      | Got Vuficucw's Directory of Execration and Blasts
  2675 | D:3      | Reached XP level 5. HP: 23/28 MP: 1/8
  3249 | D:3      | Reached skill level 1 in Shields
  3350 | D:2      | Learned a level 2 spell: Searing Ray
  3354 | D:2      | Learned a level 3 spell: Inner Flame
  3369 | D:3      | Reached XP level 6. HP: 11/32 MP: 1/10
  3590 | D:4      | Upgraded the game from 0.30-a0-568-g124715a40b to
                  | 0.30-a0-571-gdf30a72648
  3632 | D:4      | Noticed Grinder
  3812 | D:4      | Paralysed by Grinder for 4 turns
  3827 | D:4      | Killed Grinder
  3828 | D:4      | Reached skill level 5 in Fire Magic
  3828 | D:4      | Reached XP level 7. HP: 13/37 MP: 0/12
  4154 | D:4      | Noticed Pikel
  4200 | D:4      | Noticed Sigmund
  4347 | D:4      | Found a sacrificial altar of Ru.
  4347 | D:4      | Found a hazy altar of Hepliaklqana.
  4613 | D:4      | Found an ornate altar of the Wu Jian Council.
  4715 | D:4      | Killed Sigmund
  4716 | D:4      | Reached skill level 1 in Fighting
  4716 | D:4      | Reached skill level 6 in Fire Magic
  4716 | D:4      | Reached XP level 8. HP: 43/43 MP: 2/14
  4948 | D:4      | Killed Pikel
  4949 | D:4      | Reached skill level 7 in Fire Magic
  5213 | D:5      | Entered Level 5 of the Dungeon
  5213 | D:5      | Found a staircase to the Ecumenical Temple.
  5217 | D:5      | Reached skill level 5 in Spellcasting
  5227 | D:5      | Noticed Ijyb
  5366 | D:5      | Paralysed by Ijyb for 4 turns
  5372 | D:5      | Killed Ijyb
  5531 | D:4      | Reached XP level 9. HP: 40/47 MP: 8/16
  5647 | D:5      | Found a runed translucent door.
  5648 | D:5      | Noticed Crazy Yiuf
  5654 | D:5      | Killed Crazy Yiuf
  5754 | D:5      | Learned a level 4 spell: Flame Wave
  5829 | D:5      | Noticed Eustachio
  5837 | D:5      | Killed Eustachio
  5951 | D:5      | Reached skill level 8 in Fire Magic
  6106 | D:5      | Noticed Edmund
  6110 | D:5      | Killed Edmund
  6213 | Temple   | Entered the Ecumenical Temple
  6670 | D:5      | Found a white marble altar of Elyvilon.
  6771 | D:6      | Found a shadowy altar of Dithmenos.
  6937 | D:6      | Found an opulent altar of Gozag.
  6950 | D:6      | Found Meol's Distillery.
  7381 | D:6      | Noticed Menkaure
  7385 | D:6      | Killed Menkaure
  7457 | D:6      | Reached skill level 5 in Conjurations
  7464 | D:6      | Reached skill level 9 in Fire Magic
  8214 | D:7      | Noticed Maggie
  8290 | D:7      | Reached XP level 10. HP: 52/52 MP: 9/19
  8410 | D:7      | Killed Maggie
  8411 | D:7      | Reached skill level 5 in Armour
  8510 | D:7      | Reached skill level 10 in Fire Magic
  8572 | D:7      | Found a sparkling altar of Nemelex Xobeh.
  8737 | D:7      | Found Kumim's Fire Supplies.
  9567 | D:7      | Found a basalt altar of Yredelemnul.
  9657 | Temple   | Became a worshipper of Vehumet
 10719 | D:8      | Reached skill level 11 in Fire Magic
 11013 | D:8      | Noticed Psyche
 11018 | Abyss:1  | Cast into level 1 of the Abyss (Psyche)
 11071 | Abyss:1  | Reached * piety under Vehumet
 11071 | Abyss:1  | Offered knowledge of Shock by Vehumet.
 11118 | D:8      | Escaped the Abyss
 11125 | D:8      | Killed Psyche
 11126 | D:8      | Reached XP level 11. HP: 54/57 MP: 19/21
 11436 | D:8      | Found a staircase to the Lair.
 11447 | D:8      | Noticed a death yak
 11581 | D:8      | Learned a level 3 spell: Kindle Blastsparks
 12239 | D:9      | Found a broken altar of Ashenzari.
 12248 | D:9      | Learned a level 4 spell: Sticky Flame
 12252 | D:9      | Learned a level 3 spell: Stone Arrow
 12255 | D:9      | Learned a level 2 spell: Passwall
 12614 | D:9      | Reached skill level 12 in Fire Magic
 12649 | D:9      | Reached ** piety under Vehumet
 12922 | D:9      | Offered knowledge of Poisonous Vapours by Vehumet.
 13248 | D:9      | Identified a scroll of acquirement
 13248 | D:9      | Acquired the +0 cloak of the Skies Above {Int+3 Stlth+}
 13493 | D:10     | Entered Level 10 of the Dungeon
 13529 | D:10     | Found a blossoming altar of Fedhas.
 13532 | D:10     | Found a snail-covered altar of Cheibriados.
 13535 | D:10     | Found a hide-covered altar of Uskayaw.
 13538 | D:10     | Found a shimmering altar of Xom.
 13697 | D:10     | Reached skill level 1 in Transmutations
 14607 | D:11     | Noticed a boulder beetle
 14622 | D:11     | Killed a boulder beetle
 14838 | D:11     | Noticed a brown ugly thing
 15185 | D:11     | Noticed a cyclops
 15190 | D:11     | Killed a cyclops
 15373 | D:11     | Noticed a two-headed ogre
 15380 | D:11     | Killed a two-headed ogre
 15481 | D:11     | Noticed a purple ugly thing
 15497 | D:11     | Killed a purple ugly thing
 15806 | D:11     | Noticed a two-headed ogre
 15810 | D:11     | Killed a two-headed ogre
 15811 | D:11     | Reached XP level 12. HP: 62/62 MP: 18/24
 16042 | D:12     | Offered knowledge of Ignite Poison by Vehumet.
 16047 | D:12     | Learned a level 3 spell: Ignite Poison
 16095 | D:12     | Reached skill level 13 in Fire Magic
 16651 | D:12     | Found a staircase to the Orcish Mines.
 16962 | D:12     | Found Zapezif's Antique Weapon Boutique.
 16966 | D:12     | Bought a translucent spear for 216 gold pieces
 16966 | D:12     | Identified the +3 spear "Gyxuleyd" {drain, Fly rPois rC+}
                  | (You bought it in a shop on level 12 of the Dungeon)
 16966 | D:12     | Bought a jewelled quarterstaff for 243 gold pieces
 16966 | D:12     | Identified the +7 quarterstaff "Hostovar" {freeze, Str+5
                  | Int+3} (You bought it in a shop on level 12 of the Dungeon)
 16966 | D:12     | Bought a bone mace for 216 gold pieces
 16966 | D:12     | Identified the +7 mace of Qykuhuis {drain, rC- Str+4 Dex+3
                  | SInv} (You bought it in a shop on level 12 of the Dungeon)
 17993 | D:13     | Found a basalt altar of Yredelemnul.
 18015 | D:13     | Noticed a two-headed ogre
 18049 | D:13     | Noticed a two-headed ogre
 18054 | D:13     | Killed a two-headed ogre
 18074 | D:13     | Found a gate to the Vaults.
 18150 | D:13     | Noticed an ogre mage
 18154 | D:13     | Killed a two-headed ogre
 18154 | D:13     | Reached *** piety under Vehumet
 18158 | D:13     | Noticed a death knight
 18159 | D:13     | Killed an ogre mage
 18160 | D:13     | Reached skill level 10 in Spellcasting
 18165 | D:13     | Killed a death knight
 18398 | D:13     | Reached skill level 5 in Transmutations
 18410 | D:13     | Reached skill level 14 in Fire Magic
 18552 | D:13     | Noticed a centaur warrior
 18559 | D:13     | Killed a centaur warrior
 18560 | D:13     | Reached XP level 13. HP: 43/66 MP: 21/27
 18991 | D:13     | Found a shadowy altar of Dithmenos.
 19507 | D:14     | Noticed Azrael
 19947 | D:14     | Offered knowledge of Frozen Ramparts by Vehumet.
 20342 | D:14     | Killed from afar by Azrael

Illustrated notes

Levels and vault maps discovered:
D:1:      elethiomel_arrival_infinity_welcomes_careful_drivers,
          layout_loops_ring, serial_co_window_serial, co_window_paths_b,
          co_window_of_opportunity_a, co_window_paths_b,
          co_window_of_opportunity_a, co_window_paths_a, co_window_corner_a,
          co_window_of_opportunity_a, co_window_cross_3, co_window_paths_c,
          co_window_broadway_a, glass_columns_b, glass_columns_a,
          glass_columns_a, glass_columns_a
D:2:      layout_loops_ring, minmay_pentomino_w2
D:3:      minmay_octagon_keep, layout_loops_cross, portal_sewer_entry_b
D:4:      layout_cave_pools, nzn_wu_jian_council_hall, jmf_multi_god_temple,
          serial_bayou, serial_bayou_pond_d, serial_bayou_shore_a,
          serial_bayou_lagoon_b, serial_bayou_pond_d, serial_bayou_lagoon_a,
          uniq_sigmund, uniq_grinder, uniq_pikel
D:5:      layout_loops_ring, lemuel_round_altar,
          minmay_temple_entry_statues_fountains, hangedman_decor_growths,
          uniq_ijyb, uniq_eustachio, uniq_crazy_yiuf_cottage, uniq_edmund
D:6:      layout_basic, grunt_dithmenos_smoke, grunt_gozag_breadcrumbs,
          serial_shops, nicolae_shop_advertising_works
          [nicolae_subvault_shop_adworks], minivault_1, uniq_menkaure
D:7:      layout_gridville, lemuel_mausoleum_altar_yredelemnul,
          mainiacjoe_overflow_catwalk, nicolae_shop_fire_sale
          [nicolae_sub_dead_trees], minivault_19, uniq_maggie
D:8:      layout_basic, david_lair_generic, uniq_psyche
D:9:      layout_rooms, nicolae_ashenzari_panopticon, special_room
          [special_room_orc], eino_tiny_chamber
D:10:     layout_basic, grunt_temple_overflow_cloverleaf
D:11:     layout_loops_ring
D:12:     kennysheep_demon_hangout, layout_loops_corners, orc_0_dummy,
          serial_shops, shop, nrook_campfire
D:13:     minmay_recursive_quarters, layout_irregular_city, david_vaults_2,
          hangedman_feature_mirror
D:14:     layout_loops_ring, uniq_azrael
Temple:   dpeg_three_leaves_temple

Skill      XL: |  1  2  3  4  5  6  7  8  9 10 11 12 13 |
---------------+----------------------------------------+-----
Fire Magic     | 4 5 6 7 9 11 12 14 | 14.4
Armour         | 1 2 3 4 6 |  6.4
Stealth        | 3 4 |  4.0
Spellcasting   | 3 4 5 6 7 8 10 11 | 11.2
Shields        | 1 2 |  2.6
Dodging        | 2 3 |  3.6
Conjurations   | 2 3 4 5 6 7 8 |  8.4
Fighting       | 1 |  1.9
Transmutations | 2 5 |  5.8
Earth Magic    | |  0.5

Action                   |  1- 3 |  4- 6 |  7- 9 | 10-12 | 13-15 || total
-------------------------+-------+-------+-------+-------+-------++-------
Melee: Mace              |     8 |    14 |       |     8 |       ||    30
       Trident           |       |    74 |     2 |       |       ||    76
       Staff             |       |       |    22 |   112 |    12 ||   146
       Unarmed           |       |       |       |     6 |       ||     6
       Punch             |       |       |       |     1 |       ||     1
       Battleaxe         |       |       |       |       |     1 ||     1
 Cast: Foxfire           |    36 |    65 |    42 |    65 |     2 ||   210
       Scorch            |     1 |    21 |    71 |   265 |    30 ||   388
       Searing Ray       |       |     2 |       |     1 |     4 ||     7
       Inner Flame       |       |     1 |    15 |    54 |     4 ||    74
       Stone Arrow       |       |       |       |    11 |     6 ||    17
       Flame Wave        |       |       |       |     2 |     1 ||     3
       Kindle Blastspark |       |       |       |     2 |     1 ||     3
       Sticky Flame      |       |       |       |     2 |       ||     2
Evoke: Wand              |       |       |       |     2 |     6 ||     8
  Use: Scroll            |       |     6 |     8 |    13 |     2 ||    29
       Potion            |       |     1 |       |     1 |    10 ||    12
 Stab: Sleeping          |     1 |     1 |       |     1 |       ||     3
Armor: Robe              |     8 |    28 |    10 |    77 |    39 ||   162
       Leather armour    |       |     1 |    18 |       |       ||    19
Dodge: Dodged            |    27 |   150 |    42 |   359 |   116 ||   694

Table legend: (Time is in decaauts)
 A = Elapsed time spent in this place.
 B = Non-inter-level travel time spent in this place.
 C = Inter-level travel time spent in this place.
 D = Time resting spent in this place.
 E = Time spent auto-exploring this place.
 F = Levels seen in this place.
 G = Mean time per level.
                   A        B        C        D        E       F      G
               +--------+--------+--------+--------+--------+-----+--------+
         Total |  20438 |  19270 |   1168 |   5608 |  10325 |  16 | 1277.4 |
       Dungeon |  20165 |  19028 |   1137 |   5591 |  10225 |  14 | 1440.4 |
        Temple |    171 |    140 |     31 |      0 |    100 |   1 |  171.0 |
         Abyss |    102 |    102 |      0 |     17 |      0 |   1 |  102.0 |
               +--------+--------+--------+--------+--------+-----+--------+

Top non-repeatable levels by time:
     D:7: 2277 daAuts
     D:4: 2028 daAuts
     D:6: 1749 daAuts
    D:13: 1619 daAuts
     D:2: 1426 daAuts
    D:12: 1396 daAuts
     D:8: 1365 daAuts
    D:11: 1300 daAuts
     D:9: 1274 daAuts
     D:1: 1239 daAuts
    D:10: 1158 daAuts
    D:14: 1117 daAuts
     D:3: 1112 daAuts
     D:5: 1099 daAuts
  Temple: 171 daAuts
